[Event "Asian Nation Cup Women 2018"]
[Site "Hamedan"]
[Date "2018.08.02"]
[Round "6"]
[White "Zahedifar, Anahita"]
[Black "Gevorgyan, Irina"]
[Result "1/2-1/2"]
[ECO "D31"]
[WhiteElo "2101"]
[BlackElo "2254"]
[Annotator "RC"]
[PlyCount "51"]
[EventDate "2018.07.27"]
[EventType "swiss"]
[EventCountry "IRI"]
[SourceTitle "playchess.com"]
[Source "ChessBase"]
[SourceQuality "1"]
[WhiteTeam "Iran"]
[BlackTeam "Uzbekistan"]
[WhiteTeamCountry "IRI"]
[BlackTeamCountry "UZB"]
[TimeControl "40/5400+30:1800+30"]

1. d4 d5 2. c4 e6 3. Nc3 c6 4. e4 dxe4 5. Nxe4 Bb4+ 6. Bd2 Qxd4 7. Bxb4 Qxe4+ 8. Ne2 Na6 9. Bf8 Qg6 10. Qd6 f5 11. O-O-O Qf6 12. Qd8+ Kf7 13. Ba3 Qxd8 14. Rxd8 c5 15. b3 Ke7 16. Bb2 Kxd8 17. Bxg7 Ke7 18. Bxh8 Nf6 19. Bxf6+ Kxf6 20. g3 Nb4 21. Nc3 Bd7 22. Bg2 Rb8 23. Rd1 Ke7 24. f4 a6 25. a3 Nc6 26. Re1 1/2-1/2

[Event "Asian Nation Cup Women 2018"]
[Site "Hamedan"]
[Date "2018.08.02"]
[Round "6"]
[White "Baymuratova, Sevara"]
[Black "Hamedi Nia, Vesal"]
[Result "1-0"]
[ECO "D58"]
[WhiteElo "2099"]
[BlackElo "2066"]
[Annotator "NA"]
[PlyCount "55"]
[EventDate "2018.07.27"]
[EventType "swiss"]
[EventCountry "IRI"]
[SourceTitle "playchess.com"]
[Source "ChessBase"]
[SourceQuality "1"]
[WhiteTeam "Uzbekistan"]
[BlackTeam "Iran"]
[WhiteTeamCountry "UZB"]
[BlackTeamCountry "IRI"]
[TimeControl "40/5400+30:1800+30"]

1. d4 d5 2. Nf3 Nf6 3. c4 e6 4. Nc3 Be7 5. Bg5 O-O 6. e3 h6 7. Bh4 b6 8. Rc1 Bb7 9. cxd5 Nxd5 10. Bg3 c5 11. Be2 Nd7 12. O-O N7f6 13. dxc5 Bxc5 14. Nxd5 Bxd5 15. a3 $11 Ne4 16. Be5 Qd7 17. b4 Bd6 18. Qd4 Bxe5 19. Nxe5 Qb7 20. f3 Nf6 21. e4 Bb3 22. b5 Qe7 23. Qb2 Ba4 24. Nc6 Qd7 25. Rc4 a6 26. Rxa4 axb5 27. Rxa8 Rxa8 28. Bxb5 1-0

[Event "Asian Nation Cup Women 2018"]
[Site "Hamedan"]
[Date "2018.08.03"]
[Round "7"]
[White "Wang, Jue"]
[Black "Kurbonboeva, Sarvinoz"]
[Result "1/2-1/2"]
[ECO "B76"]
[WhiteElo "2370"]
[BlackElo "2241"]
[Annotator "NA"]
[PlyCount "37"]
[EventDate "2018.07.27"]
[EventType "swiss"]
[EventCountry "IRI"]
[SourceTitle "playchess.com"]
[Source "ChessBase"]
[SourceQuality "1"]
[WhiteTeam "China"]
[BlackTeam "Uzbekistan"]
[WhiteTeamCountry "CHN"]
[BlackTeamCountry "UZB"]
[TimeControl "40/5400+30:1800+30"]

1. e4 c5 2. Nc3 d6 3. Nge2 Nc6 4. d4 cxd4 5. Nxd4 g6 6. Be3 Nf6 7. f3 Bg7 8. Qd2 O-O 9. O-O-O d5 10. Qe1 e5 11. Nxc6 bxc6 12. exd5 Nxd5 13. Bc4 Be6 14. Ne4 Qc7 15. Bc5 Rfd8 16. Kb1 Nf4 17. Bxe6 Rxd1+ 18. Qxd1 Nxe6 19. Qd6 1/2-1/2

[Event "Asian Nation Cup Women 2018"]
[Site "Hamedan"]
[Date "2018.08.03"]
[Round "7"]
[White "Padmini, Rout"]
[Black "Alinasab, Mobina"]
[Result "1/2-1/2"]
[ECO "C01"]
[WhiteElo "2338"]
[BlackElo "2281"]
[Annotator "NA"]
[PlyCount "24"]
[EventDate "2018.07.27"]
[EventType "swiss"]
[EventCountry "IRI"]
[SourceTitle "playchess.com"]
[Source "ChessBase"]
[SourceQuality "1"]
[WhiteTeam "India"]
[BlackTeam "Iran"]
[WhiteTeamCountry "IND"]
[BlackTeamCountry "IRI"]
[TimeControl "40/5400+30:1800+30"]

1. e4 e6 2. d4 d5 3. exd5 exd5 4. Nf3 Nc6 5. Be2 Bd6 6. Nc3 Nf6 7. O-O O-O 8. Nb5 Ne4 9. c4 dxc4 10. Bxc4 a6 11. Nc3 Nxc3 12. bxc3 Bg4 1/2-1/2

[Event "Asian Nation Cup Women 2018"]
[Site "Hamedan"]
[Date "2018.08.03"]
[Round "7"]
[White "Hejazipour, Mitra"]
[Black "Karavade, Eesha"]
[Result "1/2-1/2"]
[ECO "E06"]
[WhiteElo "2276"]
[BlackElo "2378"]
[Annotator "NA"]
[PlyCount "22"]
[EventDate "2018.07.27"]
[EventType "swiss"]
[EventCountry "IRI"]
[SourceTitle "playchess.com"]
[Source "ChessBase"]
[SourceQuality "1"]
[WhiteTeam "Iran"]
[BlackTeam "India"]
[WhiteTeamCountry "IRI"]
[BlackTeamCountry "IND"]
[TimeControl "40/5400+30:1800+30"]

1. d4 Nf6 2. c4 e6 3. Nf3 d5 4. g3 Be7 5. Bg2 O-O 6. O-O dxc4 7. Qc2 a6 8. a4 Bd7 9. Qxc4 Bc6 10. Bg5 h6 11. Bxf6 Bxf6 1/2-1/2

[Event "Asian Nation Cup Women 2018"]
[Site "Hamedan"]
[Date "2018.08.03"]
[Round "7"]
[White "Nadirjanova, Nodira"]
[Black "Guo, Qi"]
[Result "1/2-1/2"]
[ECO "A05"]
[WhiteElo "2180"]
[BlackElo "2361"]
[Annotator "NA"]
[PlyCount "23"]
[EventDate "2018.07.27"]
[EventType "swiss"]
[EventCountry "IRI"]
[SourceTitle "playchess.com"]
[Source "ChessBase"]
[SourceQuality "1"]
[WhiteTeam "Uzbekistan"]
[BlackTeam "China"]
[WhiteTeamCountry "UZB"]
[BlackTeamCountry "CHN"]
[TimeControl "40/5400+30:1800+30"]

1. Nf3 Nf6 2. c4 c5 3. e3 g6 4. Nc3 Bg7 5. Be2 O-O 6. O-O d5 7. d4 cxd4 8. Nxd4 Nc6 9. cxd5 Nxd5 10. Nxc6 bxc6 11. Nxd5 cxd5 12. Bf3 1/2-1/2